 Dungeon Crawl Stone Soup version 0.21.0-3-g78d12a8 (webtiles) character file.

184 Mgcat the Chopper (level 5, -1/45 HPs)
             Began as a Minotaur Berserker on Jan 10, 2018.
             Was a Believer of Trog.
             Slain by a quasit (2 damage)
             ... summoned by Eustachio
             ... on level 4 of the Dungeon.
             The game lasted 00:07:50 (2881 turns).

Mgcat the Chopper (Minotaur Berserker)              Turns: 2881, Time: 00:07:52

Health: -1/45      AC:  2    Str: 22      XL:     5   Next: 36%
Magic:  0/4        EV: 10    Int:  4      God:    Trog [**....]
Gold:   148        SH:  4    Dex:  2 (10) Spells: 4/4 levels left

rFire    . . .     SeeInvis .   a - +0 hand axe
rCold    . . .     Gourm    .   l - +2 buckler
rNeg     . . .     Faith    .   b - +0 animal skin
rPois    .         Spirit   +   (helmet restricted)
rElec    .         Reflect  .   (no cloak)
rCorr    .         Harm     .   (no gloves)
MR       ++...                  (no boots)
Stlth    +.........             k - amulet of guardian spirit
HPRegen  1.15/turn              (no ring)
MPRegen  0.09/turn              (no ring)

@: berserk cooldown, regenerating, slowed, heavily drained, very slow
A: retaliatory headbutt, horns 2
a: Berserk, Trog's Hand, Burn Spellbooks, Renounce Religion


You were on level 4 of the Dungeon.
You worshipped Trog.
Trog was pleased with you.
You were near starving.

You visited 1 branch of the dungeon, and saw 4 of its levels.

You collected 148 gold pieces.

Inventory:

Hand Weapons
 a - a +0 hand axe (weapon)
Armour
 b - a +0 animal skin (worn)
 l - a +2 buckler (worn)
Jewellery
 i - an uncursed amulet of harm
 j - an uncursed amulet of magic regeneration
 k - an amulet of guardian spirit (around neck)
Wands
 o - a wand of iceblast (11)
Scrolls
 e - 3 scrolls of remove curse
 f - a scroll of blinking
 m - a scroll of identify
 n - 3 scrolls of amnesia
Potions
 d - 2 potions of magic
 g - a potion of curing {unknown}
 h - a potion of heal wounds {unknown}
 q - a potion of flight {unknown}
 r - 2 potions of mutation {unknown}
Comestibles
 c - 7 rations
 p - a chunk of flesh


   Skills:
 - Level 3.6(2.2) Fighting
 + Level 7.2(5.7) Axes
 - Level 2.4(1.1) Armour
 - Level 2.1(0.8) Dodging
 + Level 1.3(0.0) Shields


You had 4 spell levels left.
You didn't know any spells.

Dungeon Overview and Level Annotations

Branches:
Dungeon (4/15)             Temple (0/1) D:4

Altars:
Fedhas
Nemelex Xobeh
Vehumet
Yredelemnul
Zin

Annotations:
D:2 Sigmund
D:4 Eustachio


Innate Abilities, Weirdness & Mutations

You reflexively headbutt those who attack you in melee.
You have a pair of horns on your head.


Message History

You headbutt the quasit.
The quasit claws you but does no damage.
The quasit claws you.
* * * LOW HITPOINT WARNING * * *
You feel clumsy. The quasit bites you.
* * * LOW HITPOINT WARNING * * *
You feel clumsy. You block the quasit's attack. The quasit claws you.
* * * LOW HITPOINT WARNING * * *
You feel clumsy. The quasit barely misses you. You furiously retaliate!
You headbutt the quasit! The quasit claws you.
* * * LOW HITPOINT WARNING * * *
You feel clumsy. The quasit claws you.
* * * LOW HITPOINT WARNING * * *
Eustachio mumbles some strange words.
Eustachio blinks!
The quasit bites you.
You die...

################
#...............
#.##############
####.# #5@..#
#5#######
#5......#
#r......###
#..........
#.@.....###
#..........
#....r......#
#...........#


You could see 2 quasits, a white imp and a quokka.

Vanquished Creatures
  A howler monkey (D:4)
  An orc wizard (D:3)
  4 adders (D:3)
  An ooze (D:1)
  A worm (D:3)
  4 dart slugs
  4 orcs (D:3)
  6 bats
  2 giant cockroaches (D:1)
  7 goblins
  8 hobgoblins
  8 jackals
  2 kobolds
  2 ball pythons
  4 frilled lizards
  6 rats (D:1)
61 creatures vanquished.

Notes
Turn   | Place    | Note
-------+----------+-------------------------------------------
     0 | D:1      | Mgcat the Minotaur Berserker began the quest for the Orb.
     0 | D:1      | Reached XP level 1. HP: 19/19 MP: 0/0
   242 | D:1      | Reached skill level 4 in Axes
   242 | D:1      | Reached XP level 2. HP: 26/26 MP: 1/1
   567 | D:1      | Reached skill level 5 in Axes
   721 | D:1      | Reached XP level 3. HP: 31/31 MP: 2/2
   860 | D:1      | Reached ** piety under Trog
  1329 | D:2      | Noticed Sigmund
  1447 | D:3      | Found a radiant altar of Vehumet.
  1447 | D:3      | Found a glowing silver altar of Zin.
  1453 | D:3      | Found a sparkling altar of Nemelex Xobeh.
  1455 | D:3      | Found a blossoming altar of Fedhas.
  1457 | D:3      | Found a basalt altar of Yredelemnul.
  1697 | D:3      | Reached skill level 6 in Axes
  1697 | D:3      | Reached XP level 4. HP: 39/39 MP: 1/3
  2146 | D:3      | Reached skill level 7 in Axes
  2146 | D:3      | Reached XP level 5. HP: 30/45 MP: 2/4
  2723 | D:4      | Found a staircase to the Ecumenical Temple.
  2775 | D:4      | Reached skill level 1 in Shields
  2848 | D:4      | Noticed Eustachio
  2881 | D:4      | HP: 2/45 [quasit[Eustachio] (1)]
  2881 | D:4      | Slain by a quasit

Skill      XL: |  1  2  3  4  5 |
---------------+----------------+-----
Axes           | 4 5 6 7 |  7.2
Shields        | 1 |  1.3
Fighting       | |  3.6
Armour         | |  2.4
Dodging        | |  2.1

Action                   |  1- 3 |  4- 6 || total
-------------------------+-------+-------++-------
Melee: Hand axe          |    78 |    46 ||   124
       Headbutt          |     8 |     5 ||    13
Invok: Trog's Hand       |     1 |     3 ||     4
       Berserk           |     1 |     1 ||     2
  Use: Scroll            |       |     6 ||     6
 Stab: Sleeping          |       |     1 ||     1
  Eat: Chunk             |     1 |     3 ||     4
       Ration            |     1 |       ||     1
Armor: Animal skin       |    10 |    23 ||    33
Dodge: Dodged            |    44 |    58 ||   102
Block: Buckler           |     1 |    25 ||    26
